 Seeded DCSS version 0.30.1-4-g462c640d31 (webtiles) character file.

Game seed: 15660985446129201502 (custom seed)

101 AccursedSamuel the Ducker (level 4, -1/28 HPs)
             Began as a Tengu Monk on Sept 12, 2023.
             Was a Believer of Okawaru.
             Succumbed to Crazy Yiuf's poison
             ... on level 2 of the Dungeon.
             The game lasted 00:02:31 (903 turns).

AccursedSamuel the Ducker (Tengu Monk)               Turns: 903, Time: 00:02:31

Health: -1/28      AC:  2    Str: 14    XL:     4   Next: 75%
Magic:  5/5        EV: 14    Int: 10    God:    Okawaru [**....]
Gold:   71         SH:  5    Dex: 16    Spells: 3/3 levels left

rFire   . . .        a - +0 spear
rCold   . . .        d - orb {light}
rNeg    . . .        b - +0 robe
rPois   .            (helmet restricted)
rElec   .            (no cloak)
rCorr   .            (no gloves)
SInv    .            (boots unavailable)
Will    .....        e - amulet of reflection
Stlth   +            (no ring)
HPRegen 0.24/turn    (no ring)
MPRegen 0.09/turn

%: reflection
@: lethally poisoned (-1 -> -6), glowing
A: beak, talons 3
a: Renounce Religion, Heroism


You were on level 2 of the Dungeon.
You worshipped Okawaru.
Okawaru was pleased with you.
You visited 1 branch of the dungeon, and saw 2 of its levels.

You collected 71 gold pieces.

Inventory:

Hand Weapons
 a - a +0 spear (weapon)
 q - a +3 quarterstaff of chaos
Armour
 b - a +0 robe (worn)
 d - an orb of light (worn)
 r - a +2 cloak
Jewellery
 e - an amulet of reflection (around neck)
 n - a +4 ring of protection
Scrolls
 f - a scroll of noise {unknown}
 h - a scroll of enchant armour {unknown}
 i - a scroll of immolation {unknown}
 k - a scroll of identify {unknown}
 o - a scroll of teleportation {unknown}
Potions
 c - a potion of ambrosia
 g - a potion of degeneration {unknown}
 j - a potion of attraction {unknown}
 l - a potion of heal wounds {unknown}
 m - 2 potions of magic {unknown}
 p - a potion of flight {unknown}


   Skills:
 + Level 3.5 Fighting
 + Level 4.3 Polearms
 + Level 4.3 Dodging
 + Level 0.2 Stealth
 + Level 0.8 Shields


You had 3 spell levels left.
You didn't know any spells.
Your spell library contained the following spells:

 Spells                   Type           Power      Damage    Failure   Level
 Cigotuvi's Dreadful Rot  Necr/Pois/Air  0%         N/A       50%         2
 Dispel Undead            Necr           0%         3d6       98%         4
 Death Channel            Necr           Unusable   N/A       N/A         6

Dungeon Overview and Level Annotations

Branches:
Dungeon (2/15)

Altars:
Okawaru


Innate Abilities, Weirdness & Mutations

You have a beak for a mouth.
You have claws for feet.


Message History

Could not explore, unopened runed door.
You open the door.
Crazy Yiuf whimpers, "Proton!"
You barely miss Crazy Yiuf. You peck Crazy Yiuf.
Crazy Yiuf is lightly wounded.
You block Crazy Yiuf's attack.
You barely miss Crazy Yiuf. You claw Crazy Yiuf, but do no damage.
Crazy Yiuf is lightly wounded.
Crazy Yiuf misses you.
You hit Crazy Yiuf but do no damage. You claw Crazy Yiuf.
You peck Crazy Yiuf, but do no damage.
Crazy Yiuf is moderately wounded.
You hit Crazy Yiuf but do no damage. You claw Crazy Yiuf. You peck Crazy Yiuf.
Crazy Yiuf is severely wounded.
Crazy Yiuf yells, "Sif Muna blue rumpyflump!"
Crazy Yiuf hits you with a +3 quarterstaff of chaos!
You are poisoned.
You hit Crazy Yiuf. You peck Crazy Yiuf.
Crazy Yiuf is almost dead.
You feel very sick.
Crazy Yiuf sings, "Trees, trees, trees, circus!"
Crazy Yiuf hits you with a +3 quarterstaff of chaos!
* * * LOW HITPOINT WARNING * * *
You hit Crazy Yiuf. You claw Crazy Yiuf, but do no damage.
Crazy Yiuf is almost dead.
* * * LOW HITPOINT WARNING * * *
You feel sick. Crazy Yiuf closely misses you.
You barely miss Crazy Yiuf. You claw Crazy Yiuf.
You kill Crazy Yiuf!
Okawaru accepts your kill.
* * * LOW HITPOINT WARNING * * *
You feel sick.
Unknown command.
* * * LOW HITPOINT WARNING * * *
You feel sick.
There is an open translucent door, spattered with blood here.
Things that are here:
a +3 quarterstaff of chaos; a +2 cloak
q - a +3 quarterstaff of chaos;
r - a +2 cloak You die...

######.###.##..........####
...........##.............##
...................######..#
.........)########## ##.#
###..#.##[# #.# ....>..##.#
#.## .########.# ####
####..# .# ### #)..###
##.....# .#
#...@.####......# ##
#...##..#......## ####
###.#....## ########


There were no monsters in sight!

Vanquished Creatures
  Crazy Yiuf (D:2)
  Jessica (D:2)
  An adder (D:2)
  A dart slug (D:2)
  4 endoplasms (D:2)
  2 giant cockroaches (D:2)
  4 goblins
  2 hobgoblins
  3 kobolds
  4 quokkas
  2 ball pythons
  A bat (D:1)
  4 frilled lizards (D:2)
  5 rats
  A spectral kobold (D:2)
36 creatures vanquished.

Notes
Turn   | Place    | Note
-------+----------+-------------------------------------------
     0 | D:1      | AccursedSamuel the Tengu Monk began the quest for the Orb.
     0 | D:1      | Reached XP level 1. HP: 14/14 MP: 2/2
    73 | D:1      | Reached XP level 2. HP: 19/19 MP: 3/3
   135 | D:1      | Identified a scroll of acquirement
   135 | D:1      | Acquired an amulet of reflection
   411 | D:2      | Reached XP level 3. HP: 19/23 MP: 4/4
   429 | D:2      | Found a faded altar of an unknown god.
   454 | D:2      | Prayed at the altar of an unknown god.
   454 | D:2      | Became a worshipper of Warmaster Okawaru
   454 | D:2      | Reached * piety under Okawaru
   454 | D:2      | Reached ** piety under Okawaru
   600 | D:2      | Noticed Jessica
   614 | D:2      | Killed Jessica
   615 | D:2      | Reached XP level 4. HP: 24/28 MP: 5/5
   890 | D:2      | Found a runed translucent door.
   891 | D:2      | Noticed Crazy Yiuf
   901 | D:2      | Killed Crazy Yiuf
   902 | D:2      | HP: 1/28 [poisoned by Crazy Yiuf]
   903 | D:2      | Succumbed to Crazy Yiuf's poison

Illustrated notes

Levels and vault maps discovered:
D:1:      minmay_arrival_pointy, layout_loops_ring, minmay_gold_behind_fungi
D:2:      layout_basic, dreamdust_ecumenical_altar_drowned_temple,
          hangedman_decor_clover_reticule, fountainhead,
          uniq_crazy_yiuf_cottage, uniq_jessica

Skill      XL: |  1  2  3 |
---------------+----------+-----
Dodging        | 4 |  4.3
Polearms       | 4 |  4.3
Fighting       | |  3.5
Stealth        | |  0.2
Shields        | |  0.8

Action                     |  1- 3 |  4- 6 || total
---------------------------+-------+-------++-------
  Melee: Spear             |    51 |    17 ||    68
         Kick              |    13 |     9 ||    22
         Peck              |     6 |     4 ||    10
    Use: Scroll            |     1 |       ||     1
 Armour: Robe              |    11 |       ||    11
  Dodge: Dodged            |    44 |     4 ||    48
  Block: Orb               |    18 |     2 ||    20
         Reflection        |     1 |       ||     1
